 Dungeon Crawl Stone Soup version 0.29-a0-878-g7b45a56547 (webtiles) character file.

Game seed: 1851939612704682412

50 Locuples the Stinger (level 3, 0/19 HPs)
             Began as a Deep Elf Venom Mage on July 20, 2022.
             Slain by an orc priest
             ... wielding a +0 short sword
              (2 damage)
             ... on level 3 of the Dungeon.
             The game lasted 00:04:39 (2123 turns).

Locuples the Stinger (Deep Elf Venom Mage)          Turns: 2123, Time: 00:04:40

Health: 0/19       AC:  3    Str:  5    XL:     3   Next: 55%
Magic:  9/10       EV: 12    Int: 21    God:
Gold:   219        SH:  0    Dex: 15    Spells: 9/10 levels left

rFire   . . .      SeeInvis .   i - staff of death
rCold   . . .      Faith    .   (no shield)
rNeg    + . .      Spirit   .   a - +0 robe
rPois   .          Reflect  .   (no helmet)
rElec   .          Harm     .   o - +0 cloak
rCorr   .          Rampage  .   (no gloves)
Will    .....                   (no boots)
Stlth   ++........              (no amulet)
HPRegen 0.06/turn               (no ring)
MPRegen 0.12/turn               (no ring)

@: no status effects
A: no striking features
a: no special abilities


You were on level 3 of the Dungeon.
You visited 1 branch of the dungeon, and saw 3 of its levels.

You collected 219 gold pieces.

Inventory:

Armour
 a - a +0 robe (worn)
 o - a +0 cloak (worn)
Magical Staves
 i - a staff of death (weapon)
Scrolls
 c - 2 scrolls of identify {unknown}
 d - 2 scrolls of teleportation {unknown}
 e - a scroll of fog {unknown}
 f - 3 scrolls of amnesia {unknown}
 g - a scroll of blinking {unknown}
 j - 2 scrolls of silence {unknown}
 k - a scroll of summoning {unknown}
 l - a scroll of brand weapon {unknown}
 m - a scroll of fear {unknown}
Potions
 b - a potion of magic
 h - 2 potions of brilliance {unknown}
 n - a potion of curing {unknown}


   Skills:
 - Level 2.4 Dodging
 - Level 2.4 Stealth
 + Level 4.0 Spellcasting
 + Level 1.8 Transmutations
 + Level 4.2 Poison Magic


You had 9 spell levels left.
You knew the following spells:

 Your Spells              Type           Power      Damage    Failure   Level
a - Sting                 Tmut/Pois      68%        1d6       3%          1

Your spell library contained the following spells:

 Spells                   Type           Power      Damage    Failure   Level
 Poisonous Vapours        Pois/Air       26%        N/A       8%          2
 Freeze                   Ice            16%        1d4       12%         1
 Magic Dart               Conj           16%        1d3       12%         1
 Call Imp                 Summ           4%         N/A       19%         2
 Mephitic Cloud           Conj/Pois/Air  10%        N/A       21%         3
 Olgreb's Toxic Radiance  Pois           22%        N/A       21%         4
 Frozen Ramparts          Ice            8%         1d2       34%         3
 Hailstorm                Conj/Ice       4%         3d4       75%         4


Dungeon Overview and Level Annotations

Branches:
Dungeon (3/15)

Altars:


Message History

An orc comes into view. It is wielding a +0 club.
The orc priest calls down the wrath of Beogh upon you.
Beogh smites you!
Ouch! That really hurt!
* * * LOW HITPOINT WARNING * * *
Casting: Sting (safe; 3% risk of failure)
Confirm with . or Enter, or press ? or * to list all spells.
You can't see any susceptible monsters within range! (Use Z to cast anyway.) Unknown command.
Casting: Sting (safe; 3% risk of failure)
Confirm with . or Enter, or press ? or * to list all spells.
Aiming: Sting (safe; 3% risk of failure)
Press: ? - help, Shift-Dir - straight line, f - orc priest
Aim: an orc priest, wielding a +0 short sword and wearing a +0 chain mail (81% to hit)
The sting hits the orc priest but does no damage.
The orc priest is poisoned.
The orc priest attacks as you move away!
The orc priest barely misses you.
You see here 7 gold pieces.
The orc priest attacks as you move away!
The orc priest barely misses you.
The orc priest attacks as you move away!
The orc priest misses you.
The orc priest attacks as you move away!
The orc priest hits you with a +0 short sword.
* * * LOW HITPOINT WARNING * * *
The orc priest looks more healthy.
The orc priest attacks as you move away!
The orc priest closely misses you.
A hobgoblin comes into view.
Casting: Sting (safe; 3% risk of failure)
Confirm with . or Enter, or press ? or * to list all spells.
Aiming: Sting (safe; 3% risk of failure)
Press: ? - help, Shift-Dir - straight line, f/p - orc priest
Aim: an orc priest, wielding a +0 short sword and wearing a +0 chain mail (moderately wounded, 81% to hit)
The sting hits the orc priest but does no damage.
The orc priest is poisoned.
The orc priest is moderately wounded.
The orc priest hits you with a +0 short sword.
You die...

#g . .##.# ..#.#
#.#.# #.#.# #.#.#
#@#.#
#####o#.####
#$o.o......#
#####.###o#.##.#
#.....o.$o#.##.#
...##...####.##.#
.....o.. ..##.#
...##...## ####.#
.# ##.## #.#


You could see an orc priest (poisoned), 3 orcs and a hobgoblin (asleep).

Vanquished Creatures
  A worm (D:2)
  A dart slug (D:2)
  6 ball pythons
  3 endoplasms
  A giant cockroach (D:1)
  7 goblins
  4 hobgoblins
  3 quokkas
  3 bats
  4 frilled lizards
  6 kobolds
  2 rats
41 creatures vanquished.

Notes
Turn   | Place    | Note
-------+----------+-------------------------------------------
     0 | D:1      | Locuples the Deep Elf Venom Mage began the quest for the
                  | Orb.
     0 | D:1      | Reached XP level 1. HP: 10/10 MP: 6/6
   338 | D:1      | Reached XP level 2. HP: 7/15 MP: 5/8
  1169 | D:2      | Reached XP level 3. HP: 9/19 MP: 2/10
  2123 | D:3      | Slain by an orc priest

Illustrated notes

Levels and vault maps discovered:
D:1:      minmay_arrival_widening_spiral_wide, layout_basic, moated_statue,
          corexii_leaking_fountain, minmay_hexomino_u4
D:2:      layout_rooms, minmay_tall_x
D:3:      minmay_wonky_spiral, layout_loops_ring, minmay_lizard_king,
          uniq_crazy_yiuf_cottage

Skill      XL: |  1  2  3 |
---------------+----------+-----
Poison Magic   | 4 |  4.2
Spellcasting   | 4 |  4.0
Dodging        | |  2.4
Stealth        | |  2.4
Transmutations | |  1.8

Action                   || total
-------------------------++-------
 Cast: Sting             ||    66
Armor: Robe              ||     6
Dodge: Dodged            ||    20

Table legend: (Time is in decaauts)
 A = Elapsed time spent in this place.
 B = Non-inter-level travel time spent in this place.
 C = Inter-level travel time spent in this place.
 D = Time resting spent in this place.
 E = Time spent auto-exploring this place.
 F = Levels seen in this place.
 G = Mean time per level.
                   A        B        C        D        E       F      G
               +--------+--------+--------+--------+--------+-----+--------+
         Total |   2122 |   2122 |      0 |    230 |   1513 |   3 |  707.3 |
       Dungeon |   2122 |   2122 |      0 |    230 |   1513 |   3 |  707.3 |
               +--------+--------+--------+--------+--------+-----+--------+

Top non-repeatable levels by time:
     D:1: 1154 daAuts
     D:2: 921 daAuts
     D:3: 46 daAuts
